 Dungeon Crawl Stone Soup version 0.27-a0-406-g23f261fbd2 (webtiles) character file.

Game seed: 11116467076661137179

224 vurker the Gusty (level 6, -1/35 HPs)
             Began as a Tengu Air Elementalist on Feb 22, 2021.
             Slain by Sigmund
             ... wielding a +4 scythe of flaming
              (2 damage)
             ... on level 4 of the Dungeon.
             The game lasted 00:03:38 (4839 turns).

vurker the Gusty (Tengu Air Elementalist)           Turns: 4839, Time: 00:03:38

Health: -1/35      AC:  3    Str:  9    XL:     6   Next: 0%
Magic:  11/12      EV: 12    Int: 17    God:
Gold:   187        SH:  0    Dex: 14    Spells: 2/12 levels left

rFire    + . .     SeeInvis .   e - +0 dagger (venom)
rCold    . . .     Faith    .   (no shield)
rNeg     . . .     Spirit   .   j - +0 leather armour {rF+}
rPois    .         Reflect  .   (helmet restricted)
rElec    .         Harm     .   (no cloak)
rCorr    .         Rampage  .   (no gloves)
Will     .....                  (boots unavailable)
Stlth    ++........             (no amulet)
HPRegen  0.11/turn              (no ring)
MPRegen  0.13/turn              (no ring)

@: no status effects
A: beak, talons 3, able to fly
a: Fly


You were on level 4 of the Dungeon.
You visited 1 branch of the dungeon, and saw 4 of its levels.

You collected 187 gold pieces.

Inventory:

Hand Weapons
 e - a +0 dagger of venom (weapon)
   (You took it off a goblin on level 2 of the Dungeon)
Armour
 j - a +0 leather armour of fire resistance (worn)
   (You found it on level 3 of the Dungeon)
Wands
 t - a wand of flame (17)
   (You found it on level 3 of the Dungeon)
Scrolls
 b - a scroll of noise {unknown}
 d - a scroll of identify
 g - 4 scrolls of teleportation {unknown}
 i - a scroll of blinking {unknown}
 k - a scroll of magic mapping {unknown}
 l - a scroll of enchant weapon {unknown}
Potions
 a - a potion of lignification
 c - a potion of heal wounds
 f - a potion of mutation
 h - a potion of haste


   Skills:
 + Level 2.0 Fighting
 - Level 2.1 Dodging
 - Level 2.0 Stealth
 * Level 3.5 Spellcasting
 + Level 3.3 Conjurations
 * Level 5.8 Air Magic


You had 2 spell levels left.
You knew the following spells:

 Your Spells              Type           Power        Failure   Level
a - Shock                 Conj/Air       72%          3%          1
b - Lightning Bolt        Conj/Air       9%           69%         5
c - Airstrike             Air            11%          22%         4

Your spell library contained the following spells:

 Spells                   Type           Power        Failure   Level
 Swiftness                Air            22%          3%          2
 Static Discharge         Conj/Air       18%          11%         3


Dungeon Overview and Level Annotations

Branches:
Dungeon (4/15)
 Temple: D:4-7

Altars:

Annotations:
D:4 Sigmund


Innate Abilities, Weirdness & Mutations

You have a beak for a mouth.
You have claws for feet.
You can fly continuously.


Message History

g - 4 scrolls labelled BURIDE CIAGUEL (gained 1)
Found a stone staircase leading down.
An adder comes into view.
An adder is nearby!
Aim: an adder (asleep, 0% to evade)
The zap hits the adder.
The adder hisses angrily.
Aim: an adder (moderately wounded, 47% to evade)
The zap hits the adder!
Aim: an adder (almost dead, 47% to evade)
The zap hits the adder.
You kill the adder!
You have reached level 6!
Your experience leads to an increase in your attributes!
Increase (S)trength, (I)ntelligence, or (D)exterity?
You feel clever.
You fail to use your ability.
This spell is potentially lethal to cast!
Memorise Lightning Bolt, consuming 5 spell levels and leaving 6?
You start memorising the spell.
You continue memorising. x5
You finish memorising.
Spell assigned to 'b'.
This spell is extremely dangerous to cast!
Memorise Airstrike, consuming 4 spell levels and leaving 2?
You start memorising the spell.
You continue memorising. x4
You finish memorising.
Spell assigned to 'c'.
Found 7 gold pieces.
Sigmund the Dreaded comes into view.
He is wielding a +4 scythe of flaming and carrying a wand of random effects (14).
Aim: Sigmund, wielding a +4 scythe of flaming, wearing a +0 robe and carrying a wand of random effects (14) (asleep, 0% to evade)
The zap hits Sigmund.
Sigmund shouts!
Sigmund says, "Look into my eyes."
Sigmund casts a spell at you.
You are confused.
Okay, then.
Sigmund barely misses you.
You're too confused to move!
Sigmund hits you with a +4 scythe of flaming!
You feel less confused.
Sigmund hits you with a +4 scythe of flaming.
You hit Sigmund but do no damage.
Sigmund is poisoned.
You claw Sigmund. Your peck misses Sigmund. You hit Sigmund.
Sigmund looks as sick as possible!
Your peck misses Sigmund.
Sigmund hits you with a +4 scythe of flaming!
* * * LOW HITPOINT WARNING * * *
You don't know that spell.
The zap hits Sigmund.
Sigmund hits you with a +4 scythe of flaming!
* * * LOW HITPOINT WARNING * * *
Sigmund burns you.
You die...

#........# #
#........#. .#
##..##..###..## #.
##..##..###..## .
#.............. .
+............## #.
##..##..#######
#.##+###..##..###..##
#...@.....#........#.
#...@.....+........#.
#.........#........+.
###.$###..######..###
#..# #..######>.###
..... ..............
...... ..............
######################


You could see Sigmund (extremely poisoned).

Vanquished Creatures
  Natasha (thrice) (D:3)
  6 adders
  3 gnolls (D:3)
  A worm (D:2)
  3 dart slugs
  6 leopard geckos
  3 giant cockroaches
  6 goblins
  7 hobgoblins
  7 bats
  4 frilled lizards
  3 kobolds
  7 rats
59 creatures vanquished.

Notes
Turn   | Place    | Note
-------+----------+-------------------------------------------
     0 | D:1      | vurker the Tengu Air Elementalist began the quest for the
                  | Orb.
     0 | D:1      | Reached XP level 1. HP: 10/10 MP: 4/4
   325 | D:1      | Reached XP level 2. HP: 16/16 MP: 1/6
   951 | D:1      | Reached XP level 3. HP: 20/20 MP: 2/7
  1367 | D:2      | Reached skill level 1 in Fighting
  1835 | D:2      | Reached XP level 4. HP: 25/25 MP: 6/9
  2545 | D:3      | Reached skill level 5 in Air Magic
  2923 | D:3      | Noticed Natasha
  2932 | D:3      | Killed Natasha
  2933 | D:3      | Gained mutation: You can fly continuously. [Tengu growth]
  2933 | D:3      | Reached XP level 5. HP: 25/29 MP: 5/10
  3041 | D:3      | Noticed Natasha
  3048 | D:3      | Killed Natasha
  4042 | D:3      | Noticed Natasha
  4048 | D:3      | Killed Natasha
  4773 | D:4      | Reached XP level 6. HP: 35/35 MP: 8/12
  4780 | D:4      | Learned a level 5 spell: Lightning Bolt
  4785 | D:4      | Learned a level 4 spell: Airstrike
  4827 | D:4      | Noticed Sigmund
  4839 | D:4      | HP: 1/35 [Sigmund/+4 scythe of flaming (11)]
  4839 | D:4      | Slain by Sigmund

Illustrated notes

Levels and vault maps discovered:
D:1:      dpeg_arrival_arbitrary_a, layout_loops_ring
D:2:      layout_basic, kennysheep_generic_room_13
D:3:      layout_basic, uniq_natasha
D:4:      layout_gridville, nicolae_overflow_hidden_temple, uniq_sigmund

Skill      XL: |  1  2  3  4  5 |
---------------+----------------+-----
Conjurations   | 2 3 |  3.3
Fighting       | 1 2 |  2.0
Air Magic      | 5 |  5.8
Spellcasting   | 3 |  3.5
Dodging        | |  2.1
Stealth        | |  2.0

Action                   |  1- 3 |  4- 6 || total
-------------------------+-------+-------++-------
Melee: Unarmed           |     2 |       ||     2
       Kick              |     1 |     3 ||     4
       Short sword       |     4 |       ||     4
       Peck              |     1 |       ||     1
       Dagger            |       |    11 ||    11
 Cast: Shock             |    69 |    66 ||   135
  Use: Scroll            |       |     5 ||     5
Armor: Robe              |     3 |     4 ||     7
       Leather armour    |       |     4 ||     4
Dodge: Dodged            |     8 |    32 ||    40

Table legend: (Time is in decaauts)
 A = Elapsed time spent in this place.
 B = Non-inter-level travel time spent in this place.
 C = Inter-level travel time spent in this place.
 D = Time resting spent in this place.
 E = Time spent auto-exploring this place.
 F = Levels seen in this place.
 G = Mean time per level.
                   A        B        C        D        E       F      G
               +--------+--------+--------+--------+--------+-----+--------+
         Total |   4837 |   4663 |    174 |      0 |   4345 |   4 | 1209.2 |
       Dungeon |   4837 |   4663 |    174 |      0 |   4345 |   4 | 1209.2 |
               +--------+--------+--------+--------+--------+-----+--------+

Top non-repeatable levels by time:
     D:3: 2168 daAuts
     D:2: 1269 daAuts
     D:1: 1269 daAuts
     D:4: 129 daAuts
